AoeStats
← 739697286

Lombardia

507960829Analyzed
4v4 RM · 13d ago on Sep 20, 2026· 15m 49s· 8 players
Game mode
Random Map
Map size
Large (8 player)
Population
200
Speed
Normal
Resources
Standard
Victory
Conquest
Starting age
Dark Age
Ending age
Imperial Age
RankedLock teamsTeams togetherTeam positionsShared explorationLock speedFull tech treeHidden civsTurbo modeCheats
Victory
Defeat
🇫🇷 Britons · France
1571
+10
🇫🇷 Khmer · France
1526
+12
🇩🇪 Magyars · Germany
1511
+13
🇫🇷 Saracens · France
1360
+19
🇨🇳 Franks · China
1493
-16
🇬🇷 Bohemians · Greece
1445
-14
🇯🇵 Huns · Japan
1425
-13
🇨🇭 Mongols · Switzerland
1382
-11
Zzulu
10:54 Feudal Age
10:13 Loom
PeterWong1988
2:58 Loom
11:22 Feudal Age
13:09 Horse Collar
lorddoc
6:15 Loom
10:38 Feudal Age
15:39 Castle Age
739697286
10:53 Feudal Age
10:56 Loom
13:03 Double-Bit Axe
15:40 Castle Age
Tonymontana
6:12 Loom
8:54 Feudal Age
9:35 Double-Bit Axe
14:32 Forging
ccereal
5:52 Loom
8:21 Feudal Age
9:21 Double-Bit Axe
13:12 Fletching
p0n0n0
6:32 Loom
8:57 Feudal Age
11:17 Double-Bit Axe
16:13 Scale Barding Armor
La Momone 38
6:16 Loom
9:23 Feudal Age
Connection lost

Rejoining the realm…

Still unreachable

The connection could not be restored.

Session expired

The server has moved on; the page needs a fresh start.